 Dungeon Crawl Stone Soup version 0.19.5 (webtiles) character file.

91 equalderp2856 the Scratcher (level 4, 0/21 HPs)
             Began as a Felid Fighter on Mar 26, 2017.
             Succumbed to an adder's poison
             ... on level 3 of the Dungeon.
             The game lasted 00:15:23 (3678 turns).

equalderp2856 the Scratcher (Felid Fighter)         Turns: 3678, Time: 00:15:24

Health: 0/21       AC:  1    Str: 13    XL:     4   Next: 33%
Magic:  5/5        EV: 26    Int:  9    God:
Gold:   190        SH:  0    Dex: 21    Spells: 1 memorised, 1 level left
                                        Lives:  0   Deaths: 1

rFire  . . .     SeeInvis +       - Unarmed
rCold  . . .     Gourm    .     (armour unavailable)
rNeg   . . .     Faith    .     (shield unavailable)
rPois  .         Spirit   .     (helmet unavailable)
rElec  .         Reflect  .     (cloak unavailable)
rCorr  .         Harm     .     (gloves unavailable)
MR     .....                    (boots unavailable)
Stlth  ++++......               (no amulet)
                                (no ring)
                                (no ring)

@: agile, lethally poisoned (0 -> -11), quick
A: no armour, no weapons or thrown items, stealth, claws 1, fangs 3, see
invisible, carnivore 3, speed 1, shaggy fur 1, slow metabolism 1, sharp paws
a: no special abilities


You were on level 3 of the Dungeon.
You were full.

You visited 1 branch of the dungeon, and saw 3 of its levels.

You collected 190 gold pieces.

Inventory:

Missiles
 i - 35 arrows
Wands
 q - a wand of random effects (34/48)
Scrolls
 c - 2 scrolls of identify {unknown}
 d - 4 scrolls of teleportation {unknown}
 h - a scroll of fear {unknown}
 k - 2 scrolls of remove curse {unknown}
 m - a scroll of noise {unknown}
 o - a scroll of fog {unknown}
Potions
 a - a potion of might
 e - a potion of cancellation
 l - a potion of haste {unknown}
 p - a potion of lignification {unknown}
Books
 n - a book of Minor Magic

   Spells                             Type                      Level
   a - Magic Dart                     Conjuration                  1
   b - Blink                          Translocation                2
   c - Call Imp                       Summoning                    2
   d - Repel Missiles                 Charms/Air                   2
   e - Slow                           Hexes                        2
   f - Conjure Flame                  Conjuration/Fire             3
   g - Mephitic Cloud                 Conjuration/Poison/Air       3
Comestibles
 b - 2 meat rations
 g - 2 slices of pizza


   Skills:
 + Level 3.1 Fighting
 + Level 4.5 Dodging
 + Level 3.1 Stealth
 + Level 5.8 Unarmed Combat


You had one spell level left.
You knew the following spells:

 Your Spells              Type           Power        Failure   Level  Hunger
a - Blink                 Tloc           N/A          65%         2    ###....


Dungeon Overview and Level Annotations

Branches:
Dungeon (3/15)

Altars:
Gozag
The Shining One

Annotations:
D:2 Natasha, Robin
D:3 Terence


Innate Abilities, Weirdness & Mutations

You cannot wear armour.
You are incapable of wielding weapons or throwing items.
Your paws allow you to move quietly. (Stealth)
You have sharp claws.
You have razor-sharp teeth.
You have supernaturally acute eyesight. (SInv)
You are carnivorous and can eat meat at any time.
You cover ground quickly.
You are covered in fur. (AC +1)
You have a slow metabolism.
Your sharp claws are effective at attacking unaware monsters.


Message History

The adder poisons you!
You scratch the adder.
You kill the adder!
* * * LOW HITPOINT WARNING * * *
You feel sick.
* * * LOW HITPOINT WARNING * * *
You feel sick.
Things that are here:
a club; a leather armour; an orc corpse
* * * LOW HITPOINT WARNING * * *
You feel sick.
It was a potion of cancellation.
You feel magically purged.
* * * LOW HITPOINT WARNING * * *
You feel sick.
It was a potion of magic.
Magic courses through your body.
* * * LOW HITPOINT WARNING * * *
You feel sick.
It was a potion of agility.
You feel agile all of a sudden.
You die...

# #.## #
#(# # #.#
# #.# #
#.# . #.#
#. #)# .#
#.#
..##o###@#
.o......(#
####.#####


You could see an orc (wandering).

Vanquished Creatures
  An orc priest (D:3)
  5 adders
  2 oozes
  2 worms
  3 dart slugs
  6 leopard geckos
  An orc (D:3)
  5 giant cockroaches
  11 goblins
  9 hobgoblins
  2 quokkas
  3 ball pythons
  5 bats
  3 frilled lizards
  4 kobolds
  9 rats
71 creatures vanquished.

Notes
Turn   | Place    | Note
-------+----------+-------------------------------------------
     0 | D:1      | equalderp2856 the Felid Fighter began the quest for the Orb.
     0 | D:1      | Reached XP level 1. HP: 10/10 MP: 2/2
   235 | D:1      | Reached XP level 2. HP: 9/14 MP: 3/3
  1144 | D:2      | Reached XP level 3. HP: 17/17 MP: 4/4
  1189 | D:2      | Reached skill level 5 in Unarmed Combat
  1344 | D:2      | Noticed Natasha
  1586 | D:2      | Found an opulent altar of Gozag.
  1831 | D:2      | Reached XP level 4. HP: 19/21 MP: 5/5
  1847 | D:2      | Noticed Robin
  2396 | D:3      | Noticed Terence
  2576 | D:2      | Learned a level 2 spell: Blink
  2774 | D:2      | Reached skill level 1 in Stealth
  2783 | D:2      | Found a glowing golden altar of the Shining One.
  3390 | D:3      | Reached XP level 5. HP: 20/24 MP: 6/6
  3615 | D:3      | Slain by an orc
  3616 | D:3      | Reached XP level 4. HP: -2/21 MP: 5/5
  3677 | D:3      | HP: 1/21 [poisoned by an adder]
  3678 | D:3      | Succumbed to an adder's poison

Skill      XL: |  1  2  3  4  5 |
---------------+----------------+-----
Unarmed Combat | 5 |  5.8
Stealth        | 2 3 |  3.1
Fighting       | |  3.1
Dodging        | |  4.5

Action                   |  1- 3 |  4- 6 || total
-------------------------+-------+-------++-------
Melee: Unarmed           |    73 |   106 ||   179
       Bite              |     6 |     5 ||    11
       Punch             |     2 |     2 ||     4
  Use: Potion            |       |     3 ||     3
 Stab: Sleeping          |     3 |     8 ||    11
  Eat: Chunk             |     8 |     7 ||    15
Armor: Skin              |     2 |     1 ||     3
Dodge: Dodged            |    55 |    91 ||   146
